 Dungeon Crawl Stone Soup version 0.29.1-12-g30fa7ad0bf (webtiles) character file.

Game seed: 2312928749823029877

91 suse60 the Trooper (level 4, -1/38 HPs)
             Began as a Formicid Fighter on Jan 15, 2023.
             Slain by a worm (8 damage)
             ... on level 2 of the Dungeon.
             The game lasted 00:06:13 (2099 turns).

suse60 the Trooper (Formicid Fighter)               Turns: 2099, Time: 00:06:14

Health: -1/38      AC:  6    Str: 23    XL:     4   Next: 87%
Magic:  4/4        EV:  9    Int:  7    God:
Gold:   140        SH:  6    Dex: 13    Spells: 3/3 levels left

rFire   + . .      SeeInvis +   a - +0 war axe
rCold   x . .      Faith    .   c - +1 buckler
rNeg    . . .      Spirit   .   b - +0 scale mail
rPois   .          Reflect  .   (helmet unavailable)
rElec   .          Harm     .   (no cloak)
rCorr   .          Rampage  .   (no gloves)
Will    +....                   (no boots)
Stlth   ..........              (no amulet)
HPRegen 0.12/turn               h - ring of willpower
MPRegen 0.09/turn               e - ring of fire

@: no status effects
A: permanent stasis, dig shafts and tunnels, antennae 3, four strong arms
a: Dig, Shaft Self


You were on level 2 of the Dungeon.
You visited 1 branch of the dungeon, and saw 2 of its levels.

You collected 140 gold pieces.

Inventory:

Hand Weapons
 a - a +0 war axe (weapon)
Missiles
 d - 4 boomerangs (quivered)
Armour
 b - a +0 scale mail (worn)
 c - a +1 buckler (worn)
Jewellery
 e - a ring of fire (right hand)
 h - a ring of willpower (left hand)
 n - a ring of magical power
Wands
 l - a wand of flame (16)
Potions
 f - 2 potions of curing
 g - a potion of mutation {unknown}
 i - 2 potions of attraction {unknown}
 j - a potion of ambrosia {unknown}
 k - a potion of cancellation {unknown}
 m - a potion of lignification {unknown}


   Skills:
 + Level 4.6 Fighting
 + Level 3.5 Axes
 - Level 3.2 Armour
 - Level 4.0 Shields


You had 3 spell levels left.
You didn't know any spells.
Your spell library contained the following spells:

 Spells                   Type           Power      Damage    Failure   Level
 Poisonous Vapours        Pois/Air       0%         N/A       91%         2
 Corpse Rot               Necr/Pois/Air  0%         N/A       100%        4


Dungeon Overview and Level Annotations

Branches:
Dungeon (2/15)

Altars:

Annotations:
D:2 1 runed translucent door, Crazy Yiuf


Innate Abilities, Weirdness & Mutations

You cannot be hasted, slowed, berserked, paralysed or teleported.
You can dig through walls and to a lower floor.
You have a pair of large antennae on your head. (SInv)
Your four strong arms can wield two-handed weapons with a shield.


Message History

An endoplasm comes into view.
There is an open door here.
Things that are here:
a +0 dagger; a kobold corpse You hit the endoplasm.
The endoplasm is lightly wounded.
The endoplasm freezes you.
You are frozen!
You feel a terrible chill!
You slash the endoplasm!
You kill the endoplasm!
You start resting.
HP restored.
You open the door. 2 worms and a bat come into view.
Found four items.
The bat misses you. The bat hits you. x2
You hit the bat.
You kill the bat!
You hit the worm.
The worm is moderately wounded.
The worm bites you.
There is an open door here.
You see here a bat corpse.
You hit the worm.
The worm is lightly wounded.
You hit the worm. The worm bites you. You block the worm's attack.
You hit the worm.
The worm is moderately wounded.
You barely miss the worm. You block the worm's attack. The worm bites you!
You barely miss the worm.
The worm is moderately wounded.
The worm bites you!
You hit the worm.
The worm is heavily wounded.
You slash the worm! The worm bites you. x2
* * * LOW HITPOINT WARNING * * *
The worm bites you!
You die...

# # # ### ..#########
..........#######
.................
÷..##.....######+## ##
.#.....##.#...#.@?#$:#
.#..##....)...†w...$$#
.†..).....#...#w..#:$#
################### ##


You could see 2 worms.

Vanquished Creatures
  Jessica (D:2)
  2 adders (D:2)
  A worm (D:2)
  A dart slug (D:1)
  6 ball pythons (D:2)
  3 endoplasms
  A giant cockroach (D:2)
  2 hobgoblins (D:2)
  3 jackals
  A quokka (D:2)
  5 bats
  A frilled lizard (D:1)
  6 goblins
  5 kobolds
  5 rats
43 creatures vanquished.

Notes
Turn   | Place    | Note
-------+----------+-------------------------------------------
     0 | D:1      | suse60 the Formicid Fighter began the quest for the Orb.
     0 | D:1      | Reached XP level 1. HP: 18/18 MP: 1/1
    93 | D:1      | Reached XP level 2. HP: 22/24 MP: 2/2
   251 | D:1      | Found a faded altar of an unknown god.
   838 | D:2      | Reached XP level 3. HP: 13/30 MP: 3/3
  1123 | D:2      | Found a runed translucent door.
  1124 | D:2      | Noticed Crazy Yiuf
  1437 | D:2      | Noticed Jessica
  1623 | D:2      | Killed Jessica
  1624 | D:2      | Reached XP level 4. HP: 31/38 MP: 4/4
  2099 | D:2      | Slain by a worm

Illustrated notes

Levels and vault maps discovered:
D:1:      dpeg_arrival_short_road, layout_loops_ring,
          shapermc_ecumenical_altar_ellora
D:2:      minmay_thinvault, layout_rooms, serial_curves, eino_curves_02,
          eino_curves_03, uniq_crazy_yiuf_cottage, uniq_jessica

Skill      XL: |  1  2  3 |
---------------+----------+-----
Fighting       | 4 |  4.6
Axes           | 3 |  3.5
Armour         | |  3.2
Shields        | |  4.0

Action                   |  1- 3 |  4- 6 || total
-------------------------+-------+-------++-------
Melee: War axe           |    77 |    48 ||   125
  Use: Scroll            |     5 |     1 ||     6
       Potion            |     1 |       ||     1
Armor: Scale mail        |    27 |     6 ||    33
Dodge: Dodged            |    30 |    18 ||    48
Block: Buckler           |    26 |    10 ||    36
